PAAA
BAKERSFIELD NOBLES @ PURE MICHIGAN GREAT LAKERS
09/12/2026
 
TOP OF THE 1ST
Bakersfield Nobles batting - Pitching for Pure Michigan Great Lakers : RHP Donald Gregory
Pitching: RHP Donald Gregory
Batting: RHB Alfredo García 0-0: Called Strike
0-1: Fly out, F8 (Flyball, 8LM)
Batting: LHB Ramón Félix 0-0: Ball
1-0: Fly out, F4 (Line Drive, 34D)
Batting: RHB Logan Cole 0-0: Called Strike
0-1: Fly out, F7 (Flyball, 7LD)
Top of the 1st over - 0 run(s), 0 hit(s), 0 error(s), 0 left on base; Bakersfield 0 - Pure Michigan 0
BOTTOM OF THE 1ST
Pure Michigan Great Lakers batting - Pitching for Bakersfield Nobles : RHP Valentín Rivera
Pitching: RHP Valentín Rivera
Batting: LHB Sisto Pagnamenta 0-0: Foul Ball, location: 2F
0-1: Foul Ball, location: 2F
0-2: Strikes out looking
Batting: RHB Ulbert Sutkamp 0-0: Called Strike
0-1: Swinging Strike
0-2: Ball
1-2: Foul Ball, location: 2F
1-2: Strikes out swinging
Batting: LHB Tim Waters 0-0: Ground out 4-3 (Groundball, 4M)
Bottom of the 1st over - 0 run(s), 0 hit(s), 0 error(s), 0 left on base; Bakersfield 0 - Pure Michigan 0
TOP OF THE 2ND
Bakersfield Nobles batting - Pitching for Pure Michigan Great Lakers : RHP Donald Gregory
Batting: LHB Jorge Alejándrez 0-0: Called Strike
0-1: Ball
1-1: Foul Ball, location: 2F
1-2: Ball
2-2: SINGLE (Line Drive, 34)
Batting: RHB Joseph Papasogli 0-0: Ball
1-0: Ball
Jorge Alejándrez steals 2nd base
2-0: Fly out, F8 (Line Drive, 78M)
Batting: LHB Jorge Pérez 0-0: Swinging Strike
0-1: Ball
1-1: Ball
2-1: Ball
3-1: SINGLE (Flyball, 8RS)
Jorge Alejándrez to third
Runner from 3rd tries for Home, SAFE, no throw
Batting: SHB Ray Davis 0-0: Ball
1-0: Foul Ball, location: 2F
1-1: Ball
2-1: Ball
3-1: Base on Balls
Jorge Pérez to second
Batting: SHB Silas Floyd 0-0: Called Strike
0-1: Foul Ball, location: 2F
0-2: Ball
1-2: Fly out, F9 (Flyball, 9LSF)
Batting: LHB Markus Richardson 0-0: Ball
1-0: Ball
2-0: Ball
3-0: Base on Balls
Jorge Pérez to third
Ray Davis to second
Batting: RHB Alfredo García 0-0: Called Strike
0-1: Called Strike
0-2: Ball
1-2: Strikes out swinging
Top of the 2nd over - 1 run(s), 2 hit(s), 0 error(s), 3 left on base; Bakersfield 1 - Pure Michigan 0
BOTTOM OF THE 2ND
Pure Michigan Great Lakers batting - Pitching for Bakersfield Nobles : RHP Valentín Rivera
Batting: LHB Mike Silver 0-0: Ball
1-0: Foul Ball, location: 2F
1-1: Foul Ball, location: 2F
1-2: SINGLE (Groundball, 4D)
Batting: RHB Ron Ward 0-0: Ball
1-0: Called Strike
1-1: Ball
2-1: SINGLE (Flyball, 78S)
Mike Silver to second
Batting: LHB Eric Thackston 0-0: Ball
1-0: Swinging Strike
1-1: Foul Ball, location: 2F
1-2: Fly out, F4 (Popup, 34D)
Batting: SHB Mike Barton 0-0: Ball
1-0: Ball
Wild Pitch!
Mike Silver to third
Ron Ward to second
2-0: Called Strike
2-1: Foul Ball, location: 2F
2-2: Foul Ball, location: 2F
2-2: Strikes out swinging
Batting: LHB António Boccanegra 0-0: Swinging Strike
0-1: Ground out 4-3 (Groundball, 4)
Bottom of the 2nd over - 0 run(s), 2 hit(s), 0 error(s), 2 left on base; Bakersfield 1 - Pure Michigan 0
TOP OF THE 3RD
Bakersfield Nobles batting - Pitching for Pure Michigan Great Lakers : RHP Donald Gregory
Batting: LHB Ramón Félix 0-0: Ball
1-0: Ball
2-0: Ball
3-0: Called Strike
3-1: Foul Ball, location: 2F
3-2: Foul Ball, location: 2F
3-2: Base on Balls
Batting: RHB Logan Cole 0-0: Ball
1-0: Ball
2-0: Ball
3-0: Called Strike
3-1: Foul Ball, location: 2F
3-2: Fly out, F7 (Flyball, 7)
Batting: LHB Jorge Alejándrez 0-0: Ball
1-0: Called Strike
1-1: Swinging Strike
1-2: Strikes out swinging
Batting: RHB Joseph Papasogli 0-0: Called Strike
0-1: Foul Ball, location: 2F
0-2: Ball
1-2: Ball
Passed Ball!
Ramón Félix to second
2-2: Foul Ball, location: 2F
2-2: Fly out, F7 (Flyball, 7)
Top of the 3rd over - 0 run(s), 0 hit(s), 0 error(s), 1 left on base; Bakersfield 1 - Pure Michigan 0
BOTTOM OF THE 3RD
Pure Michigan Great Lakers batting - Pitching for Bakersfield Nobles : RHP Valentín Rivera
Batting: SHB Bernard Gauthier 0-0: Reached on error, E4 (Groundball, 4M)
Batting: LHB Sisto Pagnamenta 0-0: Called Strike
0-1: Ball
1-1: Ball
2-1: Called Strike
2-2: SINGLE (Line Drive, 8RS)
Bernard Gauthier to second
Batting: RHB Ulbert Sutkamp 0-0: Called Strike
0-1: Swinging Strike
0-2: Ball
1-2: SINGLE (Groundball, 6MD)
Bernard Gauthier to third
Sisto Pagnamenta to second
Runner from 3rd tries for Home, SAFE, no throw
Batting: LHB Tim Waters 0-0: Called Strike
0-1: Foul Ball, location: 2F
0-2: Fly out, F7 (Flyball, 7)
Batting: LHB Mike Silver 0-0: Foul Ball, location: 2F
0-1: Ball
Sisto Pagnamenta steals 3rd base
Ulbert Sutkamp to second
1-1: Called Strike
1-2: Ball
2-2: Ball
3-2: Fly out, F9 (Flyball, 89M)
Runner from 3rd tags up, SCORES, no throw
Batting: RHB Ron Ward 0-0: Ground out 4-3 (Groundball, 4)
Bottom of the 3rd over - 2 run(s), 2 hit(s), 1 error(s), 1 left on base; Bakersfield 1 - Pure Michigan 2
TOP OF THE 4TH
Bakersfield Nobles batting - Pitching for Pure Michigan Great Lakers : RHP Donald Gregory
Batting: LHB Jorge Pérez 0-0: Ball
1-0: Called Strike
1-1: Called Strike
1-2: Ball
2-2: Ball
3-2: Base on Balls
Batting: SHB Ray Davis 0-0: Ball
1-0: Ball
2-0: Foul Ball, location: 2F
2-1: Fly out, F7 (Flyball, 7)
Batting: SHB Silas Floyd 0-0: SINGLE (Groundball, 34D)
Jorge Pérez to second
Runner from 2nd tries for 3rd, SAFE, no throw
Batting: LHB Markus Richardson 0-0: SINGLE (Groundball, 6D)
Jorge Pérez scores
Silas Floyd to second
Batting: RHB Alfredo García 0-0: Called Strike
0-1: Ball
1-1: Foul Ball, location: 2F
1-2: Ball
2-2: Reached via error on a dropped throw, E4
Silas Floyd to third
Markus Richardson to second
Batting: LHB Ramón Félix 0-0: Ball
1-0: Fly out, F8 (Flyball, 89S)
Batting: RHB Logan Cole 0-0: Foul Ball, location: 2F
0-1: Ball
1-1: Ball
2-1: Foul Ball, location: 2F
2-2: Strikes out swinging
Top of the 4th over - 1 run(s), 2 hit(s), 1 error(s), 3 left on base; Bakersfield 2 - Pure Michigan 2
BOTTOM OF THE 4TH
Pure Michigan Great Lakers batting - Pitching for Bakersfield Nobles : RHP Valentín Rivera
Batting: LHB Eric Thackston 0-0: Ground out 6-3 (Groundball, 6)
Batting: SHB Mike Barton 0-0: Called Strike
0-1: Called Strike
0-2: Foul Ball, location: 2F
0-2: Ball
1-2: Ball
2-2: Fly out, F8 (Flyball, 8LM)
Batting: LHB António Boccanegra 0-0: Ground out 4-3 (Groundball, 34)
Bottom of the 4th over - 0 run(s), 0 hit(s), 0 error(s), 0 left on base; Bakersfield 2 - Pure Michigan 2
TOP OF THE 5TH
Bakersfield Nobles batting - Pitching for Pure Michigan Great Lakers : RHP Donald Gregory
Batting: LHB Jorge Alejándrez 0-0: Ball
1-0: Ball
2-0: Called Strike
2-1: Ball
3-1: Fly out, F8 (Flyball, 8RM)
Batting: RHB Joseph Papasogli 0-0: Ball
1-0: Ball
2-0: Ball
3-0: Called Strike
3-1: Fly out, F7 (Line Drive, 7)
Batting: LHB Jorge Pérez 0-0: Called Strike
0-1: Ball
1-1: Swinging Strike
1-2: Strikes out swinging
Top of the 5th over - 0 run(s), 0 hit(s), 0 error(s), 0 left on base; Bakersfield 2 - Pure Michigan 2
BOTTOM OF THE 5TH
Pure Michigan Great Lakers batting - Pitching for Bakersfield Nobles : RHP Valentín Rivera
Batting: SHB Bernard Gauthier 0-0: Called Strike
0-1: Swinging Strike
0-2: Strikes out swinging
Batting: LHB Sisto Pagnamenta 0-0: Called Strike
0-1: Called Strike
0-2: Ball
1-2: Foul Ball, location: 2F
1-2: Strikes out swinging
Batting: RHB Ulbert Sutkamp 0-0: Ball
1-0: Ball
2-0: Foul Ball, location: 2F
2-1: Foul Ball, location: 2F
2-2: Foul Ball, location: 2F
2-2: Strikes out swinging
Bottom of the 5th over - 0 run(s), 0 hit(s), 0 error(s), 0 left on base; Bakersfield 2 - Pure Michigan 2
TOP OF THE 6TH
Bakersfield Nobles batting - Pitching for Pure Michigan Great Lakers : RHP Donald Gregory
Batting: SHB Ray Davis 0-0: Ball
1-0: Foul Ball, location: 2F
1-1: Swinging Strike
1-2: Fly out, F9 (Flyball, 9D)
Batting: SHB Silas Floyd 0-0: Foul Ball, location: 2F
0-1: Swinging Strike
0-2: Fly out, F8 (Flyball, 8RM)
Batting: LHB Markus Richardson 0-0: Called Strike
0-1: Ball
1-1: Foul Ball, location: 2F
1-2: Strikes out swinging
Top of the 6th over - 0 run(s), 0 hit(s), 0 error(s), 0 left on base; Bakersfield 2 - Pure Michigan 2
BOTTOM OF THE 6TH
Pure Michigan Great Lakers batting - Pitching for Bakersfield Nobles : RHP Valentín Rivera
Batting: LHB Tim Waters 0-0: Ball
1-0: Ball
2-0: Ball
3-0: Base on Balls
Batting: LHB Mike Silver Balk!
Tim Waters to second
0-0: Ball
1-0: Foul Ball, location: 2F
1-1: Called Strike
1-2: Strikes out swinging
Batting: RHB Ron Ward 0-0: Ball
1-0: Fly out, F9 (Flyball, 9LS)
Batting: LHB Eric Thackston 0-0: Ball
1-0: Foul Ball, location: 2F
1-1: Ground out 1-3 (Groundball, 13)
Bottom of the 6th over - 0 run(s), 0 hit(s), 0 error(s), 1 left on base; Bakersfield 2 - Pure Michigan 2
TOP OF THE 7TH
Bakersfield Nobles batting - Pitching for Pure Michigan Great Lakers : RHP Donald Gregory
Batting: RHB Alfredo García 0-0: Swinging Strike
0-1: Foul Ball, location: 2F
0-2: Ball
1-2: Ball
2-2: Strikes out looking
Batting: LHB Ramón Félix 0-0: Swinging Strike
0-1: Ball
1-1: Ball
2-1: Ball
3-1: SINGLE (Line Drive, 9S)
Pitching: RHP Jim Unknown
Batting: RHB Logan Cole 0-0: Called Strike
0-1: Swinging Strike
0-2: Ball
1-2: Strikes out swinging
Batting: LHB Jorge Alejándrez 0-0: Called Strike
0-1: Ball
1-1: Ball
2-1: Swinging Strike
2-2: SINGLE (Flyball, 89S)
Ramón Félix to second
Batting: RHB Joseph Papasogli 0-0: Ball
1-0: Foul Ball, location: 2F
1-1: SINGLE (Groundball, 56D)
Ramón Félix to third
Jorge Alejándrez to second
Runner from 3rd tries for Home, SAFE, no throw
Batting: LHB Jorge Pérez 0-0: Called Strike
0-1: Foul Ball, location: 2F
0-2: Ball
1-2: Ball
2-2: Fielders Choice at 2nd, 4-6 (Groundball, 4)
Top of the 7th over - 1 run(s), 3 hit(s), 0 error(s), 1 left on base; Bakersfield 3 - Pure Michigan 2
BOTTOM OF THE 7TH
Pure Michigan Great Lakers batting - Pitching for Bakersfield Nobles : RHP Valentín Rivera
Batting: SHB Mike Barton 0-0: Ball
1-0: Ball
2-0: SINGLE (Line Drive, 78S)
Batting: LHB António Boccanegra 0-0: Sac Bunt - play at first, batter OUT! 4-3
Mike Barton to second
Pinch Hitting: RHB John Thompson 0-0: Ball
1-0: Foul Ball, location: 2F
1-1: Called Strike
1-2: Ball
2-2: Ball
3-2: Strikes out swinging
Batting: LHB Sisto Pagnamenta 0-0: Ball
1-0: Fly out, F9 (Flyball, 9)
Bottom of the 7th over - 0 run(s), 1 hit(s), 0 error(s), 1 left on base; Bakersfield 3 - Pure Michigan 2
TOP OF THE 8TH
Bakersfield Nobles batting - Pitching for Pure Michigan Great Lakers : RHP Jim Unknown
Now at SS: Young-hwan Hyon
Batting: SHB Ray Davis 0-0: Foul Ball, location: 2F
0-1: Swinging Strike
0-2: Ball
1-2: Strikes out looking
Batting: SHB Silas Floyd 0-0: SINGLE (Line Drive, 4MD)
Pinch Hitting: RHB Gabriel Maldonado 0-0: Foul Ball, location: 2F
0-1: Foul Ball, location: 2F
0-2: Ball
1-2: Ball
2-2: Ball
3-2: Fly out, F9 (Flyball, 89S)
Batting: RHB Alfredo García 0-0: Ball
1-0: SINGLE (Line Drive, 78M)
Silas Floyd to second
Runner from 2nd tries for 3rd, SAFE, no throw
Batting: LHB Ramón Félix Pickoff Throw to First - Out!
Top of the 8th over - 0 run(s), 2 hit(s), 0 error(s), 0 left on base; Bakersfield 3 - Pure Michigan 2
BOTTOM OF THE 8TH
Pure Michigan Great Lakers batting - Pitching for Bakersfield Nobles : RHP Valentín Rivera
Now in CF: Mike Kelly
Batting: RHB Ulbert Sutkamp 0-0: Ball
1-0: Ball
2-0: Fly out, F9 (Flyball, 9)
Batting: LHB Tim Waters 0-0: Ball
1-0: Foul Ball, location: 2F
1-1: Ball
2-1: Ball
3-1: Swinging Strike
3-2: SINGLE (Line Drive, 3D)
Batting: LHB Mike Silver 0-0: Ball
1-0: Swinging Strike
1-1: Called Strike
1-2: Strikes out swinging
Pitching: LHP José Sánchez
Batting: RHB Ron Ward 0-0: Called Strike
0-1: Swinging Strike
0-2: Ball
1-2: Strikes out looking
Bottom of the 8th over - 0 run(s), 1 hit(s), 0 error(s), 1 left on base; Bakersfield 3 - Pure Michigan 2
TOP OF THE 9TH
Bakersfield Nobles batting - Pitching for Pure Michigan Great Lakers : RHP Jim Unknown
Pitching: LHP Jim Unknown
Batting: LHB Ramón Félix 0-0: Called Strike
0-1: Called Strike
0-2: Ball
1-2: Ground out 5-3 (Groundball, 56)
Pitching: RHP Ciríaco Muro
Batting: RHB Logan Cole 0-0: Foul Ball, location: 2F
0-1: Foul Ball, location: 2F
0-2: Strikes out looking
Batting: LHB Jorge Alejándrez 0-0: Foul Ball, location: 2F
0-1: Foul Ball, location: 2F
0-2: Ball
1-2: Ball
2-2: Foul Ball, location: 2F
2-2: Strikes out swinging
Top of the 9th over - 0 run(s), 0 hit(s), 0 error(s), 0 left on base; Bakersfield 3 - Pure Michigan 2
BOTTOM OF THE 9TH
Pure Michigan Great Lakers batting - Pitching for Bakersfield Nobles : LHP José Sánchez
Pitching: LHP John Coleman
Pinch Hitting: RHB Ramiro Gonzáles 0-0: Swinging Strike
0-1: Ball
1-1: Fly out, F8 (Line Drive, 8RM)
Batting: SHB Mike Barton 0-0: Ball
1-0: Ball
2-0: Called Strike
2-1: Ball
3-1: Fly out, F9 (Flyball, 9)
Pinch Hitting: RHB Jean Chamissa 0-0: Ground out 6-3 (Groundball, 6)
Bottom of the 9th over - 0 run(s), 0 hit(s), 0 error(s), 0 left on base; Bakersfield 3 - Pure Michigan 2
Monday, March 20th, 2017 - OOTP Baseball 17.12 Build 75